| TOP OF THE 1ST |
|
Houston Astros batting - Pitching for Chicago White Sox : RHP Xenophon Valvis
|
|
Pitching: RHP Xenophon Valvis
|
|
|
Batting: LHB Eric Katz
|
0-0: Swinging Strike 0-1: Ball 1-1: Foul Ball, location: 2F 1-2: Strikes out swinging
|
|
Batting: RHB Eric Chotkowski
|
0-0: Ball 1-0: Ground out 3-1 (Groundball, 13, EV 81.2 MPH)
|
|
Batting: SHB Jason Woods
|
0-0: Ball 1-0: Called Strike 1-1: Ball 2-1: Foul Ball, location: 2F 2-2: Foul Ball, location: 2F 2-2: Ball 3-2: Fly out, F9 (Flyball, 89D, EV 111.2 MPH)
|
| Top of the 1st over - 0 runs, 0 hits, 0 errors, 0 left on base; Houston 0 - Chicago 0 |
| BOTTOM OF THE 1ST |
|
Chicago White Sox batting - Pitching for Houston Astros : LHP Jimmy Edlin
|
|
Pitching: LHP Jimmy Edlin
|
|
|
Batting: RHB Dieter Knoops
|
0-0: SINGLE (Line Drive, 4MD, EV 95.6 MPH)
|
|
Batting: RHB Jon Solano
|
0-0: Ball 1-0: Ball 2-0: Ball 3-0: Base on Balls Dieter Knoops to second
|
|
Batting: RHB Joseph Disepolo
|
0-0: Ball 1-0: Called Strike 1-1: 3-RUN HOME RUN (Line Drive, 89XD, EV 105.6 MPH), Distance : 418 ft
|
|
Batting: LHB Randy Rosenberry
|
0-0: Foul Ball, location: 2F 0-1: Ball 1-1: Foul Ball, location: 2F 1-2: SINGLE (Line Drive, 78S, EV 103.1 MPH)
|
|
Batting: RHB Dietmar Warmisch
|
0-0: Swinging Strike 0-1: Ball 1-1: 2-RUN HOME RUN (Flyball, 7D, EV 98.8 MPH), Distance : 391 ft
|
|
Batting: RHB Chris Cooper
|
0-0: Foul Ball, location: 2F 0-1: Called Strike 0-2: Ball 1-2: Ball 2-2: Ball 3-2: Base on Balls
|
|
Batting: RHB Brad Boals
|
0-0: Called Strike 0-1: Grounds into double play, 5-4-3 (Groundball, 56, EV 99.4 MPH)
|
|
Batting: RHB Leo Navarro
|
0-0: Ball 1-0: Swinging Strike 1-1: Ground out 5-3 (Groundball, 5S, EV 84.4 MPH)
|
| Bottom of the 1st over - 5 runs, 4 hits, 0 errors, 0 left on base; Houston 0 - Chicago 5 |
| TOP OF THE 2ND |
|
Houston Astros batting - Pitching for Chicago White Sox : RHP Xenophon Valvis
|
|
Batting: LHB Jack Christie
|
0-0: Called Strike 0-1: Ball 1-1: Ball 2-1: Fly out, F7 (Flyball, 78D, EV 95.6 MPH)
|
|
Batting: SHB Rich Chavez
|
0-0: Ball 1-0: Ball 2-0: SINGLE (Groundball, 6MD, EV 96.9 MPH)
|
|
Batting: RHB Chris Lane
|
0-0: Grounds into double play, 4-6-3 (Groundball, 4, EV 102.5 MPH)
|
| Top of the 2nd over - 0 runs, 1 hit, 0 errors, 0 left on base; Houston 0 - Chicago 5 |
| BOTTOM OF THE 2ND |
|
Chicago White Sox batting - Pitching for Houston Astros : LHP Jimmy Edlin
|
|
Batting: RHB Henri Cederberg
|
0-0: Reached on error, E3 (Groundball, 34S, EV 80.0 MPH)
|
|
Batting: RHB Dieter Knoops
|
0-0: Called Strike 0-1: Ball Henri Cederberg steals 2nd base 1-1: SINGLE (Line Drive, 7S, EV 105.6 MPH) Henri Cederberg to third Runner from 3rd tries for Home, SAFE, throw by LF to home
|
|
Batting: RHB Jon Solano
|
0-0: Foul Ball, location: 2F 0-1: Ball 1-1: SINGLE (Flyball, 9S, EV 94.4 MPH) Dieter Knoops to second Runner from 2nd tries for 3rd, SAFE, throw by RF made to third
|
|
Pitching: RHP Muckle Wildriver
|
|
|
Batting: RHB Joseph Disepolo
|
0-0: Called Strike Jon Solano steals 2nd base 0-1: Foul Ball, location: 2F 0-2: Strikes out swinging
|
|
Batting: LHB Randy Rosenberry
|
0-0: Ball 1-0: Ball 2-0: Foul Ball, location: 2F 2-1: Foul Ball, location: 2F 2-2: Ball 3-2: Strikes out swinging
|
|
Batting: RHB Dietmar Warmisch
|
0-0: Called Strike 0-1: Ball 1-1: Swinging Strike 1-2: Foul Ball, location: 2F 1-2: Foul Ball, location: 2F 1-2: Foul Ball, location: 2F 1-2: Ball 2-2: Ball 3-2: Base on Balls
|
|
Batting: RHB Chris Cooper
|
0-0: Ball 1-0: SINGLE (Groundball, 34D, EV 95.6 MPH) Dieter Knoops scores Jon Solano to third Dietmar Warmisch to second Runner from 3rd tries for Home, SAFE, throw by RF to home
|
|
Batting: RHB Brad Boals
|
0-0: Called Strike 0-1: Ball 1-1: Ball 2-1: Ball 3-1: Base on Balls Dietmar Warmisch to third Chris Cooper to second
|
|
Batting: RHB Leo Navarro
|
0-0: Fly out, F7 (Flyball, 7LMF, EV 80.6 MPH)
|
| Bottom of the 2nd over - 3 runs, 3 hits, 1 error, 3 left on base; Houston 0 - Chicago 8 |
| TOP OF THE 3RD |
|
Houston Astros batting - Pitching for Chicago White Sox : RHP Xenophon Valvis
|
|
Batting: SHB Joe Gardner
|
0-0: Ball 1-0: Swinging Strike 1-1: Called Strike 1-2: Ball 2-2: Strikes out looking
|
|
Batting: RHB Jeremy Trump
|
0-0: Called Strike 0-1: Called Strike 0-2: Strikes out swinging
|
|
Batting: SHB Troy Kenyon
|
0-0: Swinging Strike 0-1: Called Strike 0-2: Ball 1-2: Ground out 4-3 (Groundball, 4, EV 96.9 MPH)
|
| Top of the 3rd over - 0 runs, 0 hits, 0 errors, 0 left on base; Houston 0 - Chicago 8 |
| BOTTOM OF THE 3RD |
|
Chicago White Sox batting - Pitching for Houston Astros : RHP Muckle Wildriver
|
|
Batting: RHB Henri Cederberg
|
0-0: Called Strike 0-1: Ball 1-1: Ball 2-1: Called Strike 2-2: Fly out, F4 (Popup, 23, EV 80.0 MPH)
|
|
Batting: RHB Dieter Knoops
|
0-0: SINGLE (Line Drive, 56D, EV 98.1 MPH)
|
|
Batting: RHB Jon Solano
|
0-0: Swinging Strike 0-1: Swinging Strike 0-2: Ball 1-2: Ball 2-2: Ball 3-2: Base on Balls Dieter Knoops to second
|
|
Batting: RHB Joseph Disepolo
|
0-0: Ball 1-0: Foul Ball, location: 2F 1-1: Foul Ball, location: 2F 1-2: Ball 2-2: Fielders Choice at 2nd, 5-4 (Groundball, 56S, EV 83.1 MPH) Dieter Knoops to third
|
|
Batting: LHB Randy Rosenberry
|
0-0: Ball 1-0: Foul Ball, location: 2F 1-1: Foul Ball, location: 2F 1-2: Ball 2-2: Fly out, F7 (Flyball, 7, EV 90.0 MPH)
|
| Bottom of the 3rd over - 0 runs, 1 hit, 0 errors, 2 left on base; Houston 0 - Chicago 8 |
| TOP OF THE 4TH |
|
Houston Astros batting - Pitching for Chicago White Sox : RHP Xenophon Valvis
|
|
Batting: LHB Eric Katz
|
0-0: Called Strike 0-1: Ball 1-1: Ball 2-1: Fly out, F7 (Flyball, 7LMF, EV 95.0 MPH)
|
|
Batting: RHB Eric Chotkowski
|
0-0: Ball 1-0: Ball 2-0: Called Strike 2-1: Foul Ball, location: 2F 2-2: Ball 3-2: Ground out 4-3 (Groundball, 34, EV 81.9 MPH)
|
|
Batting: SHB Jason Woods
|
0-0: Foul Ball, location: 2F 0-1: Swinging Strike 0-2: Ball 1-2: Ball 2-2: Strikes out swinging
|
| Top of the 4th over - 0 runs, 0 hits, 0 errors, 0 left on base; Houston 0 - Chicago 8 |
| BOTTOM OF THE 4TH |
|
Chicago White Sox batting - Pitching for Houston Astros : RHP Muckle Wildriver
|
|
Batting: RHB Dietmar Warmisch
|
0-0: Hit by Pitch
|
|
Batting: RHB Chris Cooper
|
0-0: Ball 1-0: Ball 2-0: Ball 3-0: Called Strike 3-1: Called Strike 3-2: Fielders Choice at 2nd, 1-6 (Groundball, 13S, EV 63.8 MPH)
|
|
Batting: RHB Brad Boals
|
0-0: Ball 1-0: Ball 2-0: Ball 3-0: Called Strike 3-1: Base on Balls Chris Cooper to second
|
|
Pitching: RHP Ricardo Acosta
|
|
|
Batting: RHB Leo Navarro
|
0-0: Called Strike 0-1: Fly out, F8 (Line Drive, 8RM, EV 102.5 MPH)
|
|
Batting: RHB Henri Cederberg
|
0-0: Ball 1-0: Fielders Choice at 2nd, 5-4 (Groundball, 5L, EV 105.6 MPH)
|
| Bottom of the 4th over - 0 runs, 0 hits, 0 errors, 2 left on base; Houston 0 - Chicago 8 |
| TOP OF THE 5TH |
|
Houston Astros batting - Pitching for Chicago White Sox : RHP Xenophon Valvis
|
|
Batting: LHB Jack Christie
|
0-0: Ball 1-0: Swinging Strike 1-1: Ball 2-1: Ball 3-1: Swinging Strike 3-2: Foul Ball, location: 2F 3-2: Base on Balls
|
|
Batting: SHB Rich Chavez
|
0-0: Called Strike 0-1: Called Strike 0-2: Foul Ball, location: 2F 0-2: Ball 1-2: Strikes out swinging
|
|
Batting: RHB Chris Lane
|
0-0: Fly out, F7 (Flyball, 78M, EV 92.5 MPH)
|
|
Batting: SHB Joe Gardner
|
0-0: Called Strike 0-1: Swinging Strike 0-2: Ball 1-2: SINGLE (Groundball, 34D, EV 108.8 MPH) Jack Christie to second Runner from 2nd tries for 3rd, SAFE, throw by RF made to third
|
|
Batting: RHB Jeremy Trump
|
0-0: Ball 1-0: Foul Ball, location: 2F 1-1: Reached via error on a dropped throw from 3B, E4 (Groundball, 56, EV 108.8 MPH) Jack Christie scores Joe Gardner to second
|
|
Batting: SHB Troy Kenyon
|
0-0: Swinging Strike 0-1: Foul Ball, location: 2F 0-2: Strikes out swinging
|
| Top of the 5th over - 1 run, 1 hit, 1 error, 2 left on base; Houston 1 - Chicago 8 |
| BOTTOM OF THE 5TH |
|
Chicago White Sox batting - Pitching for Houston Astros : RHP Ricardo Acosta
|
|
Batting: RHB Dieter Knoops
|
0-0: Called Strike 0-1: Ball 1-1: Called Strike 1-2: Foul Ball, location: 2F 1-2: Ground out 5-3 (Groundball, 56, EV 106.2 MPH)
|
|
Batting: RHB Jon Solano
|
0-0: Foul Ball, location: 2F 0-1: Called Strike 0-2: Ball 1-2: Ball 2-2: Ball 3-2: Ground out 6-3 (Groundball, 6, EV 102.5 MPH)
|
|
Batting: RHB Joseph Disepolo
|
0-0: Called Strike 0-1: Ball 1-1: Swinging Strike 1-2: Ball 2-2: Foul Ball, location: 2F 2-2: Ball 3-2: Foul Ball, location: 2F 3-2: Foul Ball, location: 2F 3-2: SINGLE (Line Drive, 9S, EV 85.0 MPH)
|
|
Batting: LHB Randy Rosenberry
|
0-0: Ball 1-0: Ball 2-0: Ball 3-0: Base on Balls Joseph Disepolo to second
|
|
Batting: RHB Dietmar Warmisch
|
0-0: Ball 1-0: Foul Ball, location: 2F 1-1: Called Strike 1-2: Strikes out swinging
|
| Bottom of the 5th over - 0 runs, 1 hit, 0 errors, 2 left on base; Houston 1 - Chicago 8 |
| TOP OF THE 6TH |
|
Houston Astros batting - Pitching for Chicago White Sox : RHP Xenophon Valvis
|
|
Batting: LHB Eric Katz
|
0-0: Ball 1-0: Ground out 6-3 (Groundball, 6, EV 107.5 MPH)
|
|
Batting: RHB Eric Chotkowski
|
0-0: Called Strike 0-1: Foul Ball, location: 2F 0-2: Strikes out swinging
|
|
Batting: SHB Jason Woods
|
0-0: Called Strike 0-1: Ball 1-1: Ball 2-1: Ground out 4-3 (Groundball, 34D, EV 106.2 MPH)
|
| Top of the 6th over - 0 runs, 0 hits, 0 errors, 0 left on base; Houston 1 - Chicago 8 |
| BOTTOM OF THE 6TH |
|
Chicago White Sox batting - Pitching for Houston Astros : RHP Ricardo Acosta
|
|
Batting: RHB Chris Cooper
|
0-0: Swinging Strike 0-1: Ball 1-1: Foul Ball, location: 2F 1-2: Strikes out swinging
|
|
Batting: RHB Brad Boals
|
0-0: Called Strike 0-1: Ball 1-1: Ball 2-1: Swinging Strike 2-2: Ball 3-2: Base on Balls
|
|
Batting: RHB Leo Navarro
|
0-0: Called Strike Brad Boals steals 2nd base 0-1: Ball 1-1: Swinging Strike 1-2: Foul Ball, location: 2F 1-2: Ball 2-2: Ball 3-2: Base on Balls
|
|
Batting: RHB Henri Cederberg
|
0-0: Swinging Strike 0-1: Swinging Strike 0-2: Ball 1-2: Ball 2-2: Strikes out swinging
|
|
Batting: RHB Dieter Knoops
|
0-0: Foul Ball, location: 2F 0-1: Ball 1-1: Swinging Strike 1-2: Strikes out swinging
|
| Bottom of the 6th over - 0 runs, 0 hits, 0 errors, 2 left on base; Houston 1 - Chicago 8 |
| TOP OF THE 7TH |
|
Houston Astros batting - Pitching for Chicago White Sox : RHP Xenophon Valvis
|
|
Batting: LHB Jack Christie
|
0-0: Ball 1-0: Ball 2-0: Called Strike 2-1: Foul Ball, location: 2F 2-2: Ball 3-2: Strikes out looking
|
|
Batting: SHB Rich Chavez
|
0-0: SINGLE (Groundball, 4MS, EV 70.6 MPH) (infield hit)
|
|
Batting: RHB Chris Lane
|
0-0: Ball 1-0: Foul Ball, location: 2F 1-1: Called Strike 1-2: Strikes out looking
|
|
Batting: SHB Joe Gardner
|
0-0: Ground out U3 (Groundball, 34S, EV 83.8 MPH)
|
| Top of the 7th over - 0 runs, 1 hit, 0 errors, 1 left on base; Houston 1 - Chicago 8 |
| BOTTOM OF THE 7TH |
|
Chicago White Sox batting - Pitching for Houston Astros : RHP Ricardo Acosta
|
|
Pitching: RHP Mike Chisolm
|
|
|
Batting: RHB Jon Solano
|
0-0: Ball 1-0: Foul Ball, location: 2F 1-1: Foul Ball, location: 2F 1-2: Strikes out swinging, 2-3 out at first.
|
|
Batting: RHB Joseph Disepolo
|
0-0: Ball 1-0: Ball 2-0: Called Strike 2-1: Ball 3-1: Ground out U3 (Groundball, 34, EV 91.2 MPH)
|
|
Batting: LHB Randy Rosenberry
|
0-0: Ball 1-0: Ball 2-0: Ball 3-0: Base on Balls
|
|
Batting: RHB Dietmar Warmisch
|
0-0: Called Strike 0-1: Swinging Strike 0-2: Strikes out swinging
|
| Bottom of the 7th over - 0 runs, 0 hits, 0 errors, 1 left on base; Houston 1 - Chicago 8 |
| TOP OF THE 8TH |
|
Houston Astros batting - Pitching for Chicago White Sox : RHP Xenophon Valvis
|
|
Batting: RHB Jeremy Trump
|
0-0: Foul Ball, location: 2F 0-1: Ball 1-1: Ball 2-1: Ball 3-1: Ground out 3-1 (Groundball, 34, EV 88.1 MPH)
|
|
Batting: SHB Troy Kenyon
|
0-0: Ball 1-0: Ground out 1-3 (Groundball, 23, EV 65.6 MPH)
|
|
Batting: LHB Eric Katz
|
0-0: Ball 1-0: Foul Ball, location: 2F 1-1: Ground out U3 (Groundball, 3, EV 90.6 MPH)
|
| Top of the 8th over - 0 runs, 0 hits, 0 errors, 0 left on base; Houston 1 - Chicago 8 |
| BOTTOM OF THE 8TH |
|
Chicago White Sox batting - Pitching for Houston Astros : RHP Mike Chisolm
|
|
Batting: RHB Chris Cooper
|
0-0: Called Strike 0-1: Called Strike 0-2: Ball 1-2: Ball 2-2: Strikes out looking
|
|
Batting: RHB Brad Boals
|
0-0: Swinging Strike 0-1: Fly out, F9 (Line Drive, 9S, EV 95.0 MPH)
|
|
Batting: RHB Leo Navarro
|
0-0: Swinging Strike 0-1: Swinging Strike 0-2: Ground out 6-3 (Groundball, 56, EV 101.9 MPH)
|
| Bottom of the 8th over - 0 runs, 0 hits, 0 errors, 0 left on base; Houston 1 - Chicago 8 |
| TOP OF THE 9TH |
|
Houston Astros batting - Pitching for Chicago White Sox : RHP Xenophon Valvis
|
|
Batting: RHB Eric Chotkowski
|
0-0: Ball 1-0: Ball 2-0: Ball 3-0: Called Strike 3-1: Ground out 6-3 (Groundball, 6, EV 86.9 MPH)
|
|
Batting: SHB Jason Woods
|
0-0: Ball 1-0: Ball 2-0: Foul Ball, location: 2F 2-1: Ball 3-1: Foul Ball, location: 2F 3-2: Ground out 4-3 (Groundball, 4, EV 84.4 MPH)
|
|
Batting: LHB Jack Christie
|
0-0: Ball 1-0: Called Strike 1-1: Swinging Strike 1-2: SINGLE (Groundball, 6MD, EV 101.9 MPH)
|
|
Pitching: RHP Mike Willig
|
|
|
Batting: SHB Rich Chavez
|
0-0: Ball 1-0: Ground out 4-3 (Groundball, 4, EV 83.1 MPH)
|
| Top of the 9th over - 0 runs, 1 hit, 0 errors, 1 left on base; Houston 1 - Chicago 8 |
|